 Dungeon Crawl Stone Soup version 0.32-a0-779-g362cfcae2a (webtiles) character file.

Game seed: 12021350549321518854

17767 porpoise the Demonic Catastrophe (level 12, 0/91 HPs)
             Began as a Demonspawn Gladiator on Mar 20, 2024.
             Was an Elder of Qazlal.
             Slain by a yak (1 damage)
             ... on level 11 of the Dungeon.
             The game lasted 00:54:41 (17472 turns).

porpoise the Demonic Catastrophe (DsGl)            Turns: 17472, Time: 00:54:41

Health: 0/91       AC: 17    Str: 18    XL:     12   Next: 21%
Magic:  23/23      EV: 10    Int:  9    God:    Qazlal [****..]
Gold:   617        SH:  5    Dex: 22    Spells: 11/11 levels left

rFire   . . .        a - +3 broad axe
rCold   . . .        (no shield)
rNeg    . . .        A - +1 scale mail {Will+}
rPois   +            (helmet restricted)
rElec   .            Q - +0 cloak
rCorr   .            (no gloves)
SInv    .            M - +0 pair of boots
Will    +....        (no amulet)
Stlth   +            f - +6 ring of dexterity
HPRegen 0.35/turn    B - ring of poison resistance
MPRegen 0.18/turn

%: repel missiles
@: mighty, sanguine armoured, slowed, studying Maces & Flails, very slow
A: horns 2, foul stench 1, sanguine armour 1, demonic magic 1
a: Renounce Religion, Upheaval, Elemental Force


You were on level 11 of the Dungeon.
You worshipped Qazlal.
Qazlal was greatly pleased with you.
You visited 2 branches of the dungeon, and saw 12 of its levels.
You also visited: Sewer and Ossuary.

You collected 646 gold pieces.
You spent 29 gold pieces at shops.

Inventory:

Hand Weapons
 a - a +3 broad axe (weapon)
 b - the +5 sling of Ipse Dixit {freeze, *Corrode Will++}
   (You found it on level 11 of the Dungeon)

   Will++:    It greatly increases your willpower.
   *Corrode:  It may corrode you when you take damage.
 w - a +3 trident of draining
Missiles
 d - 5 throwing nets
 e - 10 atropa-tipped darts
 t - 5 boomerangs
 z - 26 poisoned darts
 N - a javelin
 O - a curare-tipped dart
Armour
 A - a +1 scale mail of willpower (worn)
 M - a +0 pair of boots (worn)
 Q - a +0 cloak (worn)
Jewellery
 f - a +6 ring of dexterity (left hand)
 B - a ring of poison resistance (right hand)
 R - a ring of ice
Wands
 y - a wand of mindburst (4)
 F - a wand of polymorph (8) (quivered)
 S - a wand of roots (2)
Scrolls
 n - 2 scrolls of silence
 p - 2 scrolls of teleportation
 D - 7 scrolls of identify
 G - a scroll of fear
Potions
 i - 2 potions of lignification
 m - 7 potions of curing
 o - 3 potions of haste
 I - a potion of attraction
 K - a potion of cancellation
 L - 3 potions of enlightenment
Miscellaneous
 k - a phantom mirror (inert)


   Skills:
 - Level 7.0 Fighting
 - Level 11.5(11.9) Axes
 - Level 4.5(8.7) Polearms
 - Level 1.7 Throwing
 * Level 5.7 Armour
 - Level 2.6 Dodging
 - Level 0.6 Stealth
 + Level 15.4 Invocations
 + Level 4.5 Evocations


You had 11 spell levels left.
You didn't know any spells.
Your spell library contained the following spells:

 Spells                   Type           Power      Damage    Failure   Level
 Cigotuvi's Dreadful Rot  Necr/Alch/Air  0%         N/A       87%         2
 Lesser Beckoning         Tloc           0%         N/A       87%         2
 Gell's Gravitas          Tloc           0%         N/A       98%         3
 Teleport Other           Tloc           0%         N/A       98%         3
 Dispel Undead            Necr           0%         3d6       100%        4
 Martyr's Knell           Necr/Summ      0%         N/A       100%        4


Dungeon Overview and Level Annotations

Branches:
Dungeon (11/15)            Temple (0/1) D:5            Lair (1/5) D:9
    Orc (0/2) D:9           Sewer (visited)         Ossuary (visited)

Altars:
Makhleb
Okawaru
Qazlal
Ru
Trog
Vehumet
Wu Jian
Xom
Yredelemnul

Shops:
D:7 (*(:   D:10 :


Innate Abilities, Weirdness & Mutations

You have a pair of horns on your head.
You may rarely emit foul miasma when damaged in melee.
When seriously injured, your blood forms armour. (AC +6)
Spells you cast may paralyse adjacent enemies.


Message History

The yak gores you!
* * * LOW HITPOINT WARNING * * *
The boulder beetle completely misses you.
The yak gores you but does no damage. The manticore barely misses you.
The manticore closely misses you.
The manticore claws you but does no damage.
The yak is engulfed in blazing flames.
You kill the yak!
Qazlal accepts your kill. The wraith closely misses you.
The yak gores you but does no damage. The yak gores you.
* * * LOW HITPOINT WARNING * * *
The boulder beetle leaps!
The yak gores you!
* * * LOW HITPOINT WARNING * * *
The manticore bites you!
* * * LOW HITPOINT WARNING * * *
The manticore claws you but does no damage. x2
You feel much better. You block the wraith's attack.
The yak gores you but does no damage. The yak gores you!
* * * LOW HITPOINT WARNING * * *
The manticore bites you!
* * * LOW HITPOINT WARNING * * *
The manticore completely misses you.
The manticore claws you but does no damage.
The yak gores you but does no damage. The wraith hits you.
* * * LOW HITPOINT WARNING * * *
The wraith drains your vigour!
You feel as though you will be slow longer.
The yak gores you but does no damage. x2; The yak barely misses you.
The yak gores you.
* * * LOW HITPOINT WARNING * * *
The manticore misses you.
The manticore claws you but does no damage. x2
The yak is engulfed in blazing flames.
The yak gores you but does no damage.
There are monsters nearby!
Unknown command.
You block the yak's attack.
The boulder beetle curls into a ball and begins rolling!
The yak gores you but does no damage. The yak gores you.
You die...

######
...........!...
...............
./.............
............. .
...............
#....ß.Y§.#....
#....○YYY§Y....
#.....W@Yß.....
#......YH......
#####ß.☼..#....
..#...## ...
.....#...# ...#...#
. .....#...##..
#.... .....+....B..
#....
.....#........+....#
.....#..... ..#


You could see a boulder beetle (rolling), a manticore, 7 yaks and a wraith.

Vanquished Creatures
  A deep elf pyromancer (D:10)
  A manticore (D:10)
  A salamander (Lair:1)
  An orange demon (Lair:1)
  3 komodo dragons
  Jeremiah (D:7)
  Maggie (D:6)
  A troll (D:11)
  A hornet (D:10)
  A centaur simulacrum (D:10)
  36 yaks
  4 vampire mosquitoes (D:11)
  A steam dragon (D:7)
  An acid dragon (D:9)
  6 water moccasins
  A sky beast (D:8)
  3 orc warriors (D:9)
  Pargi (Sewer)
  A black bear (D:6)
  An ice beast (D:8)
  2 ogres
  2 centaurs
  3 phantoms
  A brain worm (Sewer)
  3 kobold brigands
  3 gnoll sergeants
  3 scorpions
  11 bullfrogs
  8 wights
  13 killer bees
  4 howler monkeys
  A bullfrog skeleton (D:7)
  8 orc priests
  2 bombardier beetles (D:6)
  3 bullfrog zombies (Ossuary)
  A hound (D:6)
  2 jellies
  An iguana (D:9)
  4 orc wizards
  3 killer bee zombies (D:7)
  4 crocodile zombies (Ossuary)
  6 hound zombies (Ossuary)
  5 mummies (Ossuary)
  2 howler monkey zombies (Ossuary)
  4 adders
  16 gnolls
  2 howler monkey skeletons (D:7)
  A ribbon worm (D:2)
  28 orcs
  2 endoplasms (D:4)
  4 giant cockroaches
  2 goblins
  4 hobgoblins
  2 quokkas
  3 training dummies (D:7)
  9 ball pythons
  4 ball python zombies (Ossuary)
  2 bats (D:2)
  3 frilled lizards
  18 kobolds
  5 rats
271 creatures vanquished.

Vanquished Creatures (others)
  A white imp (D:7)
1 creature vanquished.

Grand Total: 272 creatures vanquished

Notes
Turn   | Place    | Note
-------+----------+-------------------------------------------
     0 | D:1      | porpoise the Demonspawn Gladiator began the quest for the
                  | Orb.
     0 | D:1      | Reached XP level 1. HP: 16/16 MP: 1/1
   696 | D:2      | Gained mutation: You have a pair of small horns on your
                  | head. [demonic ancestry]
   696 | D:2      | Reached XP level 2. HP: 21/22 MP: 2/2
   845 | D:2      | Found a stormy altar of Qazlal.
   855 | D:2      | Became a worshipper of Qazlal Stormbringer
  1299 | D:3      | Found a faded altar of an unknown god.
  1469 | D:3      | Found a burning altar of Makhleb.
  1585 | D:3      | Reached skill level 1 in Invocations
  1585 | D:3      | Gained mutation: Spells you cast may paralyse adjacent
                  | enemies. [demonic ancestry]
  1585 | D:3      | Reached XP level 3. HP: 21/28 MP: 3/3
  1660 | D:3      | Found a glowing drain.
  1674 | Sewer    | Entered a sewer
  1718 | Sewer    | Noticed Pargi
  1718 | Sewer    | Noticed a brain worm
  1733 | Sewer    | Killed Pargi
  1734 | Sewer    | Reached skill level 2 in Invocations
  1734 | Sewer    | Reached XP level 4. HP: 5/35 MP: 3/5
  1862 | Sewer    | Killed a brain worm
  1863 | Sewer    | Reached XP level 5. HP: 34/41 MP: 4/7
  1906 | Sewer    | Reached skill level 3 in Invocations
  2076 | D:3      | Found an ornate altar of the Wu Jian Council.
  2087 | D:3      | Reached * piety under Qazlal
  3061 | D:4      | Identified the +0 leather armour of the Gazing Gods {*Slow
                  | +Inv Fly rC+}
  3089 | D:4      | Reached skill level 1 in Axes
  3089 | D:4      | Gained mutation: You have a pair of horns on your head.
                  | [demonic ancestry]
  3089 | D:4      | Reached XP level 6. HP: 10/47 MP: 8/8
  3456 | D:4      | Reached skill level 4 in Invocations
  3651 | D:4      | Reached XP level 7. HP: 18/52 MP: 10/10
  4561 | D:5      | Entered Level 5 of the Dungeon
  4851 | D:5      | Reached skill level 5 in Invocations
  4926 | D:5      | Found a sacrificial altar of Ru.
  5134 | D:5      | Found a staircase to the Ecumenical Temple.
  5534 | D:6      | Reached skill level 5 in Fighting
  5534 | D:6      | Reached XP level 8. HP: 60/62 MP: 12/12
  5586 | D:6      | Noticed Maggie
  5601 | D:6      | Killed Maggie
  5602 | D:6      | Reached skill level 5 in Axes
  5602 | D:6      | Reached skill level 6 in Invocations
  6055 | D:6      | Reached skill level 7 in Invocations
  6432 | D:7      | Found a radiant altar of Vehumet.
  6440 | D:7      | Reached ** piety under Qazlal
  6443 | D:7      | HP: 3/64 [orc priest/+1 falchion of holy wrath (7)]
  6683 | D:7      | Found a shimmering altar of Xom.
  6726 | D:7      | Gained mutation: When seriously injured, your blood forms
                  | armour. (AC +6) [demonic ancestry]
  6726 | D:7      | Reached XP level 9. HP: 29/69 MP: 14/14
  6957 | D:7      | Found Potajeom's Assorted Antiques.
  6962 | D:7      | Found a sand-covered staircase.
  7034 | Ossuary  | Entered an ossuary
  7790 | Ossuary  | Reached skill level 8 in Invocations
  8121 | D:7      | Bought a fuming pink potion for 29 gold pieces
  8131 | D:7      | Found Bunoluar's Firing Range.
  8186 | D:7      | Found Cyntaf's Antique Weapon Shoppe.
  8214 | D:7      | Found Hukal's Book Emporium.
  8341 | D:7      | Found an iron altar of Okawaru.
  8353 | D:7      | Reached skill level 13 in Invocations
  8353 | D:7      | Gained mutation: You may rarely emit foul miasma when
                  | damaged in melee. [demonic ancestry]
  8353 | D:7      | Reached XP level 10. HP: 79/79 MP: 15/20
  8422 | D:7      | Noticed Jeremiah
  8531 | D:7      | Killed Jeremiah
  8971 | D:7      | Found Vewkoi's Jewellery Boutique.
  9092 | D:8      | Reached *** piety under Qazlal
  9276 | D:8      | Reached skill level 1 in Armour
  9573 | D:8      | Reached skill level 14 in Invocations
  9574 | D:8      | Reached skill level 10 in Axes
  9949 | D:8      | Found a bloodstained altar of Trog.
  9989 | D:8      | You fall into a shaft and drop 3 floors!
 10028 | D:11     | HP: 2/61 [vampire mosquito (5)]
 10037 | D:11     | Reached XP level 11. HP: 35/67 MP: 21/21
 10358 | D:11     | Identified the +5 sling of Ipse Dixit {freeze, *Corrode
                  | Will++}
 10481 | D:10     | Entered Level 10 of the Dungeon
 11759 | D:10     | Noticed a deep elf pyromancer
 11763 | D:10     | Killed a deep elf pyromancer
 11778 | D:10     | HP: 3/80 [manticore (4)]
 12401 | D:10     | Found Muloqaem's Book Shop.
 12640 | D:8      | Reached skill level 1 in Evocations
 13263 | D:9      | Reached **** piety under Qazlal
 13804 | D:9      | Found a staircase to the Orcish Mines.
 14563 | D:9      | Found a staircase to the Lair.
 15101 | D:10     | Found a basalt altar of Yredelemnul.
 15568 | Lair:1   | Entered Level 1 of the Lair of Beasts
 15996 | Lair:1   | Reached skill level 15 in Invocations
 16233 | Lair:1   | Reached XP level 12. HP: 41/91 MP: 23/23
 16240 | Lair:1   | Reached skill level 5 in Armour
 16921 | Lair:1   | Noticed Amaemon
 16922 | Lair:1   | Amaemon changed into Amaemon the salamander
 16922 | Lair:1   | Noticed Amaemon
 16934 | Lair:1   | Killed Amaemon the salamander
 17463 | D:11     | Noticed a boulder beetle
 17470 | D:11     | HP: 2/91 [manticore (10)]
 17472 | D:11     | Slain by a yak

Illustrated notes

Levels and vault maps discovered:
D:1:      arrival_zaba_pyramid, layout_basic, lemuel_flame_loot_1
D:2:      cheibrodos_helix_gallery, layout_loops_cross, basic_altar
D:3:      layout_loops_ring, lemuel_tele_altar, gammafunk_temple_overflow_wave,
          nicolae_ecumenical_lake_church, portal_sewer_entry_b,
          nicolae_twisty_statue_hallways
D:4:      layout_basic
D:5:      layout_basic, nicolae_ru_the_path_less_chosen,
          minmay_temple_entry_glassed_door, hex_intersection
D:6:      layout_loops_ring, nicolae_elevator_lobby_asterisk, uniq_maggie
D:7:      layout_rooms, mainiacjoe_overflow_alcove_1, okawaru_ov_weapons_minmay,
          mainiacjoe_overflow_tiny_flanked,
          mainiacjoe_ossuary_entry_find_the_door, serial_shops, shop, shop,
          shop, nicolae_shop_hallway_plus, nicolae_shop_firing_range,
          uniq_jeremiah
D:8:      layout_basic, trog_three_pillars_becter, minmay_misc_feat_iff
D:9:      layout_irregular_city, david_lair_shrubbed, david_orc_1_choice,
          serial_co_window_serial, co_window_paths_b, co_window_corner_a,
          co_window_paths_b, co_window_of_opportunity_a, co_window_corner_a,
          co_window_cross_4, co_window_2corner, co_window_broadway_a,
          glass_columns_a, glass_columns_a, glass_columns_a, glass_columns_a,
          glass_columns_a, minmay_misc_feat_pillars
D:10:     layout_stronghold, mainiacjoe_overflow_surrounded_room, serial_shops,
          nicolae_shop_crystal, minmay_radiant
D:11:     layout_gridville, amcnicky_mini_pool_small, grunt_ministairs_1,
          uniq_erolcha
Lair:1:   layout_chaotic_city, infiniplex_staircase_pool_2, uniq_amaemon

Skill      XL: |  1  2  3  4  5  6  7  8  9 10 11 12 |
---------------+-------------------------------------+-----
Polearms       | 3 4 |  4.5
Invocations    | 1 2 3 4 5 7 13 14 15 | 15.4
Fighting       | 3 4 5 6 7 |  7.0
Axes           | 1 2 4 6 9 10 11 | 11.5
Armour         | 1 4 5 |  5.7
Evocations     | 3 4 |  4.5
Throwing       | |  1.7
Dodging        | |  2.6
Stealth        | |  0.6

Action                     |  1- 3 |  4- 6 |  7- 9 | 10-12 || total
---------------------------+-------+-------+-------+-------++-------
  Melee: Trident           |    83 |    30 |       |    67 ||   180
         Headbutt          |     6 |    14 |    43 |    77 ||   140
         Broad axe         |       |    57 |   260 |   311 ||   628
         Spear             |       |       |       |    16 ||    16
   Fire: Sling             |       |       |     4 |       ||     4
  Throw: Javelin           |       |       |     1 |     1 ||     2
         Dart              |       |       |       |     5 ||     5
  Evoke: Wand              |       |       |       |     8 ||     8
         Phantom mirror    |       |       |       |     1 ||     1
    Use: Scroll            |     5 |     3 |    11 |     8 ||    27
         Potion            |       |       |     6 |    15 ||    21
   Stab: Sleeping          |     1 |     1 |       |       ||     2
 Armour: Leather armour    |    57 |    55 |    24 |       ||   136
         Ring mail         |       |       |    42 |       ||    42
         Scale mail        |       |       |   125 |   356 ||   481
  Dodge: Dodged            |    48 |    42 |   141 |   195 ||   426
  Block: Other             |       |     3 |    24 |    78 ||   105

Table legend: (Time is in decaauts)
 A = Elapsed time spent in this place.
 B = Non-inter-level travel time spent in this place.
 C = Inter-level travel time spent in this place.
 D = Time resting spent in this place.
 E = Time spent auto-exploring this place.
 F = Levels seen in this place.
 G = Mean time per level.
                   A        B        C        D        E       F      G
               +--------+--------+--------+--------+--------+-----+--------+
         Total |  17645 |  17111 |    534 |   7616 |   7083 |  14 | 1260.4 |
       Dungeon |  14339 |  13846 |    493 |   5724 |   6405 |  11 | 1303.5 |
          Lair |   1843 |   1802 |     41 |    983 |    599 |   1 | 1843.0 |
         Sewer |    336 |    336 |      0 |    145 |      4 |   1 |  336.0 |
       Ossuary |   1125 |   1125 |      0 |    764 |     73 |   1 | 1125.0 |
               +--------+--------+--------+--------+--------+-----+--------+

Top non-repeatable levels by time:
    D:10: 2486 daAuts
  Lair:1: 1843 daAuts
     D:4: 1828 daAuts
     D:9: 1711 daAuts
     D:7: 1575 daAuts
     D:8: 1542 daAuts
     D:3: 1204 daAuts
 Ossuary: 1125 daAuts
     D:6: 1075 daAuts
     D:5: 819 daAuts
    D:11: 815 daAuts
     D:2: 655 daAuts
     D:1: 624 daAuts
   Sewer: 336 daAuts
